 Dungeon Crawl Stone Soup version 0.21.0-8-gf18e19db4a (webtiles) character file.

1670095 GordonOverkill the Conqueror (level 27, 199/199 HPs)
             Began as a Gargoyle Skald on Jan 16, 2018.
             Was a High Priest of Trog.
             Escaped with the Orb
             ... and 3 runes on Jan 17, 2018!
             The game lasted 03:29:25 (75567 turns).

GordonOverkill the Conqueror (Gargoyle Skald)      Turns: 75567, Time: 03:29:25

Health: 199/199    AC: 60    Str: 23    XL:     27
Magic:  10/10      EV: 19    Int: 20    God:    Trog [*****.]
Gold:   2805       SH: 34    Dex: 15    Spells: 27/30 levels left

rFire    + + .     SeeInvis .   b - +9 broad axe (antimagic)
rCold    + + .     Gourm    .   N - +5 large shield of Iffu {*Corrode +Inv rPois Dex+4}
rNeg     + . .     Faith    .   s - +5 gold dragon scales
rPois    ∞         Spirit   .   J - +2 hat {Int+3}
rElec    +         Reflect  +   m - +2 cloak
rCorr    .         Harm     .   n - +2 pair of gloves
MR       ++...                  S - +0 pair of boots of Pan-Flutes {rC+ Slay+5}
Stlth    ..........             h - +3 amulet of reflection
HPRegen  0.43/turn              c - ring of protection from fire
MPRegen  0.12/turn              D - +5 ring of evasion

@: flying
A: big wings, hooves 1, horns 1, iridescent scales 1, deformed body, high mp 1,
negative energy resistance 1, sense surroundings 1, electricity resistance,
unbreathing, petrification resistance, rot immunity, AC +20
0: Orb of Zot
}: 3/15 runes: barnacled, silver, gossamer
a: Stop Flying, Berserk, Trog's Hand, Brothers in Arms, Burn Spellbooks,
Renounce Religion, Evoke Invisibility


You escaped.
You worshipped Trog.
Trog was extremely pleased with you.
You were not hungry.

You visited 9 branches of the dungeon, and saw 47 of its levels.
You visited the Abyss 3 times.

You collected 7372 gold pieces.
You spent 4567 gold pieces at shops.

Inventory:

Hand Weapons
 a - a +5 broad axe of freezing
 b - a +9 antimagic broad axe (weapon)
 w - the +4 broad axe "Wessudibb" {flame, Int+4}
   (Trog gifted it to you on level 5 of the Vaults)

   It has been specially enchanted to burn those struck by it, causing extra
   injury to most foes and up to half again as much damage against particularly
   susceptible opponents.
   Big, fiery blades are also staple armaments of hydra-hunters.
   It affects your intelligence (+4).
Missiles
 U - 6 throwing nets (quivered)
Armour
 m - a +2 cloak (worn)
 n - a +2 pair of gloves (worn)
 s - +5 gold dragon scales (worn)
 J - a +2 hat of intelligence (worn)
 N - the +5 large shield of Iffu (worn) {*Corrode +Inv rPois Dex+4}
   (You took it off Louise on level 15 of the Dungeon)

   It affects your dexterity (+4).
   It protects you from poison.
   It lets you turn invisible.
   It may corrode you when you take damage.
 S - the +0 pair of boots of Pan-Flutes (worn) {rC+ Slay+5}
   (You acquired it on level 1 of the Vaults)

   It affects your accuracy and damage with ranged weapons and melee attacks
   (+5).
   It protects you from cold.
Jewellery
 c - a ring of protection from fire (left hand)
 g - an uncursed ring of see invisible
 h - a +3 amulet of reflection (around neck)
 D - a +5 ring of evasion (right hand)
Wands
 e - a wand of iceblast (44)
 i - a wand of flame (160)
 l - a wand of paralysis (32)
 p - a wand of random effects (73)
 r - a wand of acid (23)
 B - a wand of polymorph (83)
 I - a wand of digging (59)
 L - a wand of enslavement (22)
 M - a wand of disintegration (85)
 Q - a wand of clouds (9)
Scrolls
 f - a scroll of identify
 j - 8 scrolls of blinking
 q - 14 scrolls of remove curse
 u - 4 scrolls of summoning
 x - 9 scrolls of teleportation
 y - 5 scrolls of fear
 z - a scroll of holy word
 A - 3 scrolls of fog
 H - 7 scrolls of magic mapping
Potions
 k - 6 potions of invisibility
 o - 3 potions of might
 v - 9 potions of ambrosia
 C - 3 potions of berserk rage
 E - 3 potions of resistance
 F - a potion of heal wounds
 G - 9 potions of mutation
 K - 21 potions of curing
 P - a potion of magic
 R - 4 potions of agility
Comestibles
 d - 36 rations


   Skills:
 O Level 27 Fighting
 - Level 18.0 Axes
 + Level 25.4 Armour
 - Level 15.0 Dodging
 - Level 25.0 Shields
 - Level 2.0 Spellcasting
 - Level 2.6 Charms
 - Level 6.0 Evocations


You had 27 spell levels left.
You knew the following spells:

 Your Spells              Type           Power        Failure   Level  Hunger
a - Infusion              Chrm           ##..         45%         1    #......
b - Song of Slaying       Chrm           ##......     61%         2    ##.....


Dungeon Overview and Level Annotations

Branches:
Dungeon (15/15)            Temple (1/1) D:5            Lair (6/6) D:11
 Shoals (4/4) Lair:4       Spider (4/4) Lair:2        Slime (0/5) Lair:6
    Orc (2/2) D:10            Elf (0/3) Orc:2        Vaults (5/5) D:13
  Crypt (0/3) Vaults:3     Depths (5/5) D:15            Zot (5/5) Depths:5

Altars:
Ashenzari
Cheibriados
Dithmenos
Elyvilon
Fedhas
Gozag
Hepliaklqana
Kikubaaqudgha
Makhleb
Nemelex Xobeh
Okawaru
Qazlal
Ru
Sif Muna
Trog
Uskayaw
Vehumet
Wu Jian
Xom
Yredelemnul
Zin
The Shining One
Beogh

Shops:
D:6 [   D:8 (   D:9 !   D:12 *   Orc:2 }([=   Shoals:2 [*%[   Vaults:1 }
Vaults:2 [   Vaults:5 !   Depths:3 }

Portals:
Hell: Depths:1 Depths:2 Depths:3 Depths:4 Depths:5
Pandemonium: Depths:3 Depths:5
Ziggurat: Depths:1

Annotations:
D:9 exclusion: downstairs
D:10 Psyche


Innate Abilities, Weirdness & Mutations

You are resistant to torment.
Your stone body is resilient. (AC +20)
You are immune to poison.
Your large and strong wings let you fly indefinitely.
You resist negative energy. (rN+)
You are resistant to electric shocks. (rElec)
You can survive without breathing.
You are immune to petrification.
You are immune to rotting.
You have large cloven feet.
You have a pair of small horns on your head.
You are partially covered in iridescent scales. (AC +2)
Armour fits poorly on your strangely shaped body.
You have an increased reservoir of magic. (+10% MP)
You passively map a small area around you.


Message History

There is a stone staircase leading up here.
You fly upwards.
You feel a little less agile now.
There is a stone staircase leading down here.
HP restored.
A white imp comes into view.
You barely miss the white imp. You slice the white imp!!
You kill the white imp!
Trog accepts your kill.
No target in view!
No target in view!
(D) Dungeon (T) Temple (L) Lair (A) Shoals (N) Spider Nest (M) Slime Pits (O) Orcish Mines (E) Elven Halls (V) Vaults (C) Crypt (U) Depths (H) Hell (Z) Zot
Where to? (Enter - D:1 @ (x,y), ? - help) Zioqeho comes into view.
There is a staircase leading out of the dungeon here.
You have escaped!

#.##.##........##..###...##
#.
............##..#...)##...#
#.
.....#.###..'.&.##...##.)##
#. #.####.#
####..###......## #. #.#
#.# #.#...###.....# #. #.#
#.# #.#....##...#.# #.
#.####.#
#.##...###..#.########.
#......#
#..#....##.............
#####..#
#.###.@.###...#########
#####..# #..##....##...#
.......# #...##..####..#
#####.##
#...##....###.######### #.#
###.####....).......... #.#
#........##.########. #.#
#######.###.## #. #.# #.#
#..# #. #.# #.# ##.# #.


You could see Zioqeho.

Vanquished Creatures
  2 pandemonium lords
  9 ancient liches
  The ghost of Jannitor the Scorcher, a legendary NaFi of Cheibriados (Zot:4)
  3 orbs of fire
  Mara (Depths:1)
  Bai Suzhen (Depths:3)
  Saint Roka (Depths:1)
  3 Killer Klowns
  A caustic shrike (Depths:3)
  15 golden dragons
  3 curse toes
  A Tzitzimitl (Depths:1)
  2 electric golems (Zot:5)
  17 tentacled monstrosities
  4 liches
  27 Orb Guardians
  6 quicksilver dragons
  14 death cobs
  3 titans
  3 tentacled starspawn (Abyss:2)
  3 krakens
  9 sphinxes
  Gastronok (Lair:1)
  11 shadow dragons
  Kirke (Lair:5)
  Agnes (Spider:4)
  14 storm dragons
  Donald (Shoals:2)
  5 draconian monks
  4 tengu reavers
  Ilsuiw (Shoals:3)
  11 frost giants
  3 deep elf sorcerers
  5 iron dragons
  8 ghost moths
  2 draconian knights
  9 fire giants
  4 draconian scorchers
  24 vault wardens
  Aizul (Shoals:3)
  5 emperor scorpions
  Louise (D:15)
  3 draconian stormcallers
  4 draconian shifters
  A deep elf elementalist (Vaults:5)
  23 ironheart preservers
  34 very ugly things
  4 war gargoyles
  2 deep elf demonologists
  7 draconian annihilators
  2 grey draconians (Depths:5)
  8 green draconians
  15 stone giants
  6 entropy weavers
  4 vampire knights
  17 red draconians
  7 white draconians
  A deep elf annihilator (Vaults:5)
  Azrael (D:14)
  9 black draconians
  9 yellow draconians
  14 purple draconians
  12 spark wasps
  A blizzard demon (Zot:3)
  6 merfolk javelineers
  9 merfolk impalers
  14 fire dragons
  4 deep elf death magi
  15 ettins
  15 yaktaur captains
  13 great orbs of eyes
  5 deep elf high priests
  Fannar (Lair:1)
  40 vault guards
  Erolcha (D:10)
  18 ice dragons
  5 merfolk avatars
  5 rakshasas
  9 hydras
  A hell beast (D:13)
  2 spriggan air magi
  An alligator snapping turtle (Shoals:1)
  A catoblepas (Lair:6)
  21 ogre magi
  14 centaur warriors
  A satyr (shapeshifter) (Vaults:4)
  5 death knights
  4 dancing weapons
  4 merfolk aquamancers
  62 two-headed ogres
  A queen ant (Spider:3)
  4 tengu warriors
  2 vampire magi
  21 deep troll shamans
  4 death yaks (Lair:6)
  8 deep troll earth magi
  4 spriggan berserkers
  Sonja (D:15)
  2 thrashing horrors (Abyss:2)
  Urug (D:13)
  A wretched star (Abyss:1)
  A sun demon (D:9)
  A soul eater (Zot:3)
  Nergalle (Lair:1)
  15 hell knights
  A sixfirhy (Abyss:2)
  6 deep elf knights
  2 shadow wraiths
  7 sea snakes
  10 iron trolls
  59 deep trolls
  4 skeletal warriors (D:13)
  6 glowing orange brains
  A large abomination (Abyss:2)
  An infernal demonspawn (Zot:1)
  14 ironbrand convokers
  4 flayed ghosts
  4 unseen horrors
  6 deep elf archers
  2 swamp dragons (Zot:1)
  An orange crystal statue (Spider:1)
  21 harpies
  7 wizards
  A tengu zombie (Vaults:2)
  7 phantasmal warriors
  5 necromancers
  An orb spider (shapeshifter) (Depths:1)
  13 orc knights
  2 harpies (shapeshifter)
  10 deep elf magi
  56 wolf spiders
  A tengu skeleton (Vaults:3)
  68 ugly things
  A faun (shapeshifter) (Vaults:4)
  21 orb spiders
  An oklob plant (Shoals:2)
  6 orc sorcerers
  3 fauns (Shoals:3)
  25 moths of wrath
  8 manticores
  3 cyclopes
  9 merfolk sirens
  A moth of wrath (shapeshifter) (Vaults:2)
  Joseph (D:10)
  A frost giant zombie (Abyss:1)
  A manticore (shapeshifter) (Vaults:1)
  A black mamba (shapeshifter) (Vaults:2)
  4 centaur zombies
  2 worldbinders (Abyss:2)
  14 elephants
  4 rust devils (Depths:1)
  2 black mambas (Lair:3)
  5 gargoyles
  8 water nymphs
  18 vault sentinels
  14 spiny frogs
  A spiny frog (shapeshifter) (Vaults:1)
  3 torpor snails
  3 smoke demons
  An eye of devastation (Lair:6)
  2 kobold demonologists
  14 demonic crawlers
  2 rime drakes
  5 freezing wraiths
  A yaktaur (shapeshifter) (Depths:2)
  42 yaktaurs
  3 human zombies
  An efreet (D:13)
  5 komodo dragons
  2 ancient zymes (Abyss:2)
  A human skeleton (Vaults:3)
  A rime drake (shapeshifter) (Vaults:4)
  A komodo dragon (shapeshifter) (Vaults:1)
  An anaconda simulacrum (Abyss:2)
  3 polar bears (Lair:6)
  A silent spectre (Abyss:1)
  A polar bear (shapeshifter) (Vaults:1)
  A queen bee (Lair:6)
  A troll (shapeshifter) (Depths:2)
  2 meliai (Lair:6)
  5 tengu conjurers
  24 merfolk
  A wind drake (shapeshifter) (Vaults:3)
  17 trolls
  39 jumping spiders
  2 wind drakes (Shoals:4)
  15 blink frogs
  17 hornets
  A hornet (shapeshifter) (Vaults:3)
  11 raiju
  A meliai zombie (D:14)
  19 slime creatures
  An ettin zombie (Vaults:2)
  8 snapping turtles
  2 dream sheep (Shoals:4)
  15 hippogriffs
  A hippogriff (shapeshifter) (Vaults:5)
  A human simulacrum (Vaults:1)
  Sigmund (D:6)
  82 redbacks
  2 spriggans (Depths:3)
  6 air elementals
  A centaur simulacrum (D:15)
  A vampire (D:14)
  4 shadows
  A fire elemental (D:15)
  43 yaks
  41 tarantellas
  11 wyverns
  2 humans (D:13)
  7 water elementals
  2 yaks (shapeshifter)
  Grum (D:10)
  9 wraiths
  5 basilisks
  A hog (shapeshifter) (Depths:3)
  A basilisk (shapeshifter) (Depths:5)
  4 hogs
  Menkaure (D:5)
  2 neqoxecs
  2 vampire mosquitoes (D:15)
  4 hungry ghosts
  2 chaos spawn
  9 wargs
  A soldier ant (shapeshifter) (Vaults:1)
  3 acid dragons (Depths:4)
  11 water moccasins
  11 porcupines
  13 soldier ants
  5 hell hounds (D:15)
  38 orc warriors
  3 black bears
  2 sky beasts
  An ettin simulacrum (Vaults:1)
  An eye of draining (shapeshifter) (Vaults:4)
  68 ogres
  2 phantoms (D:10)
  2 eyes of draining
  30 wolves
  15 boggarts
  5 ice beasts
  A necrophage (D:12)
  15 centaurs
  5 crocodiles
  2 big kobolds
  15 bullfrogs
  A small abomination (Abyss:2)
  2 earth elementals (Depths:4)
  4 scorpions
  3 troll zombies (D:10)
  An elf simulacrum (Vaults:3)
  31 killer bees
  12 wights
  8 electric eels
  A howler monkey (D:11)
  3 crimson imps
  9 jellies
  A starcursed mass (Abyss:2)
  4 bullfrog zombies
  A quasit (D:7)
  12 hounds
  5 bullfrog skeletons
  20 orc priests
  10 orc wizards
  5 centaur skeletons
  An iguana (shapeshifter) (Vaults:5)
  An iguana (D:10)
  4 hell rats (Lair:5)
  26 worker ants
  A killer bee zombie (D:6)
  5 ogre zombies (D:10)
  A worker ant zombie (D:9)
  7 gnolls
  16 adders
  A howler monkey skeleton (D:9)
  6 shadow imps
  A white imp (D:1)
  8 oozes
  An adder skeleton (D:6)
  An adder zombie (D:7)
  6 worms
  A dart slug (D:1)
  5 leopard geckos
  78 orcs
  A ball python (D:2)
  8 bats
  3 giant cockroaches
  6 goblins
  4 hobgoblins
  12 jackals
  17 kobolds
  2 quokkas
  5 frilled lizards
  2 goblin skeletons (D:10)
  3 goblin zombies (D:10)
  A hobgoblin skeleton (D:10)
  4 hobgoblin zombies (D:10)
  A jackal skeleton (D:4)
  4 orc skeletons (D:10)
  12 orc zombies
  5 rats
  8 fungi
  12 plants
  3 starspawn tentacles (Abyss:2)
  7 tentacles
2436 creatures vanquished.

Vanquished Creatures (collateral kills)
  A lich (Abyss:2)
  A tengu reaver (Depths:3)
  A draconian scorcher (Zot:5)
  A stone giant (Depths:3)
  A very ugly thing (Depths:5)
  2 entropy weavers (Spider:3)
  2 deep trolls
  A kobold demonologist (D:11)
  A meliai (Lair:6)
  A troll (Depths:1)
  A jumping spider (Spider:3)
  A raiju (Abyss:2)
  4 redbacks (Spider:4)
  A swamp worm (shapeshifter) (Depths:3)
  A soldier ant (Spider:3)
  An orc warrior (Depths:1)
  A bullfrog (D:11)
  2 wights (D:11)
  3 orcs (D:11)
27 creatures vanquished.

Vanquished Creatures (others)
  Asterion (Depths:3)
  A deep elf sorcerer (Vaults:1)
  3 fire giants
  A vault warden (Vaults:5)
  A draconian annihilator (Zot:5)
  A stone giant (Vaults:5)
  A red draconian (Zot:5)
  A merfolk javelineer (Shoals:4)
  A yaktaur captain (Vaults:5)
  An ogre mage (Depths:4)
  A satyr (Shoals:4)
  An unseen horror (Vaults:1)
  An ugly thing (D:14)
  A moth of wrath (Zot:5)
  9 yaktaurs
  A jumping spider (Spider:3)
  A tarantella (Spider:4)
  A warg (Vaults:5)
  2 centaurs (Shoals:1)
  An orc wizard (D:5)
  An orc (D:5)
  4 fungi
  4 plants
  10 starspawn tentacles (Abyss:2)
  12 tentacles
62 creatures vanquished.

Grand Total: 2525 creatures vanquished

Notes
Turn   | Place    | Note
-------+----------+-------------------------------------------
     0 | D:1      | GordonOverkill the Gargoyle Skald began the quest for the Orb.
     0 | D:1      | Reached XP level 1. HP: 12/12 MP: 3/3
   121 | D:1      | Reached XP level 2. HP: 13/18 MP: 0/5
  1052 | D:1      | Reached XP level 3. HP: 16/22 MP: 6/6
  1403 | D:2      | Reached skill level 3 in Fighting
  1480 | D:2      | Learned a level 2 spell: Song of Slaying
  1488 | D:2      | Reached XP level 4. HP: 28/28 MP: 3/7
  1694 | D:2      | Found a white marble altar of Elyvilon.
  2570 | D:2      | Reached XP level 5. HP: 31/33 MP: 8/8
  2627 | D:3      | Reached skill level 4 in Fighting
  2743 | D:3      | Found a shattered altar of Ashenzari.
  3758 | D:4      | Reached XP level 6. HP: 39/39 MP: 9/9
  4148 | D:4      | Noticed a porcupine
  4148 | D:4      | an orc wizard changed into a porcupine
  4945 | D:5      | Entered Level 5 of the Dungeon
  5024 | D:5      | Reached skill level 5 in Fighting
  5090 | D:4      | Gained mutation: You have sharp fingernails. [potion of mutation]
  5090 | D:4      | Gained mutation: Your spells are a little easier to cast, but a little less powerful. [potion of mutation]
  5090 | D:4      | Gained mutation: You are covered in fur. (AC +1) [potion of mutation]
  5091 | D:4      | Lost mutation: Your spells are a little easier to cast, but a little less powerful. [potion of mutation]
  5091 | D:4      | Lost mutation: You have sharp fingernails. [potion of mutation]
  5091 | D:4      | Lost mutation: You are covered in fur. (AC +1) [potion of mutation]
  5091 | D:4      | Gained mutation: You are robust. (+10% HP) [potion of mutation]
  5091 | D:4      | Gained mutation: You have a pair of small antennae on your head. [potion of mutation]
  5321 | D:5      | Reached skill level 5 in Axes
  5321 | D:5      | Reached XP level 7. HP: 36/48 MP: 10/10
  6126 | D:5      | Found a staircase to the Ecumenical Temple.
  6165 | Temple   | Entered the Ecumenical Temple
  6179 | Temple   | Became a worshipper of Trog the Wrathful
  6972 | D:6      | Noticed Sigmund
  6983 | D:6      | Killed Sigmund
  7235 | D:6      | Found a bloodstained altar of Trog.
  7313 | D:6      | Reached XP level 8. HP: 22/53 MP: 11/11
  7777 | D:6      | Noticed Menkaure
  8019 | D:5      | Killed Menkaure
  8139 | D:6      | Reached skill level 6 in Fighting
  8280 | D:6      | Found Equ Wupn's Antique Armour Shoppe.
  8283 | D:6      | Bought an embroidered cloak for 187 gold pieces
  8820 | D:7      | Reached * piety under Trog
  9011 | D:7      | Found a deep blue altar of Sif Muna.
  9321 | D:7      | Found a sacrificial altar of Ru.
  9400 | D:7      | Found a glowing golden altar of the Shining One.
  9422 | D:7      | Found a sparkling altar of Nemelex Xobeh.
  9495 | D:7      | Identified a scroll of acquirement
  9616 | D:7      | You fall through a shaft for 3 floors!
  9616 | D:10     | Entered Level 10 of the Dungeon
  9620 | D:10     | Noticed a yak
  9620 | D:10     | Noticed a yak
  9621 | D:10     | Noticed a yak
  9621 | D:10     | Noticed a yak
  9630 | D:10     | Noticed Erolcha
  9633 | D:10     | Found a staircase to the Orcish Mines.
  9633 | D:10     | Noticed Grum
  9634 | D:10     | Cast into level 2 of the Abyss (Erolcha)
  9651 | Abyss:2  | Noticed a worldbinder
  9660 | Abyss:2  | Killed a worldbinder
  9660 | Abyss:2  | Reached XP level 9. HP: 60/60 MP: 12/12
  9674 | Abyss:2  | Noticed an ancient zyme
  9684 | Abyss:2  | Noticed a starcursed mass
  9712 | Abyss:2  | Noticed a worldbinder
  9728 | Abyss:2  | Killed a worldbinder
  9728 | Abyss:2  | Reached skill level 5 in Armour
  9730 | D:10     | Escaped the Abyss
  9738 | D:10     | Noticed Joseph
  9929 | D:9      | Noticed a fire dragon
  9971 | D:9      | Killed a fire dragon
  9971 | D:9      | Reached skill level 10 in Axes
 10212 | D:9      | Found Juseub's Distillery.
 10223 | D:9      | Reached XP level 10. HP: 67/67 MP: 13/13
 10303 | D:8      | Found Plog's Weapon Emporium.
 10315 | D:9      | Reached skill level 7 in Fighting
 10353 | D:8      | Reached ** piety under Trog
 10488 | D:8      | Found an ornate altar of the Wu Jian Council.
 11006 | D:8      | Got a clouded bronze amulet
 11354 | D:8      | Noticed a two-headed ogre
 11367 | D:8      | Killed a two-headed ogre
 11367 | D:8      | Reached skill level 8 in Fighting
 11378 | D:8      | Noticed a two-headed ogre
 11561 | D:8      | Killed a two-headed ogre
 12321 | D:9      | Reached XP level 11. HP: 74/74 MP: 14/14
 12645 | D:9      | Reached skill level 1 in Evocations
 12690 | D:9      | Reached *** piety under Trog
 12913 | D:9      | Got a faintly glowing whip
 12943 | D:9      | Identified the amulet of Geimadaa {Gourm rPois rC++ Dex-3 Stlth+} (You found it on level 8 of the Dungeon)
 13479 | D:10     | Killed Joseph
 13558 | D:10     | Reached skill level 9 in Fighting
 13782 | D:10     | Reached **** piety under Trog
 13855 | D:10     | Killed Grum
 14170 | D:10     | Got a pitted buckler
 14176 | D:10     | Identified the +0 buckler "Pamis" {rC- rN+ Int+3} (You acquired it on level 10 of the Dungeon)
 14252 | D:10     | Killed Erolcha
 14264 | D:10     | Noticed Psyche
 14283 | D:10     | Cast into level 1 of the Abyss (Psyche)
 14393 | Abyss:1  | Noticed a wretched star
 14398 | Abyss:1  | Noticed a soul eater
 14408 | Abyss:1  | Killed a wretched star
 14744 | Abyss:1  | Noticed a glowing orange brain
 14755 | Abyss:1  | Noticed a great orb of eyes
 14760 | Abyss:1  | Killed a glowing orange brain
 14760 | Abyss:1  | Reached XP level 12. HP: 75/83 MP: 15/15
 14873 | Abyss:1  | Noticed a large abomination
 14989 | Abyss:2  | Noticed a yellow draconian
 15140 | Abyss:2  | Noticed a thrashing horror
 15140 | Abyss:2  | Noticed a thrashing horror
 15153 | Abyss:2  | Killed a thrashing horror
 15153 | Abyss:2  | Reached skill level 15 in Axes
 15155 | Abyss:2  | Killed a thrashing horror
 15239 | Abyss:2  | Noticed a tentacled starspawn
 15240 | Abyss:2  | Noticed a wretched star
 15252 | Abyss:2  | Killed a tentacled starspawn
 15254 | D:10     | Escaped the Abyss
 15603 | D:11     | Found a staircase to the Lair.
 16230 | D:11     | Found a stormy altar of Qazlal.
 17004 | D:12     | Found Lodaor's Serpentskin Sales.
 17036 | D:12     | Reached XP level 13. HP: 89/89 MP: 16/16
 17394 | D:12     | Reached skill level 10 in Fighting
 17803 | D:12     | Identified the +5 whip of Arbitration {drain, Str+2 Int+4} (You found it on level 9 of the Dungeon)
 18604 | D:13     | Noticed a vault guard
 18945 | Lair:1   | Entered Level 1 of the Lair of Beasts
 18989 | Lair:1   | Reached skill level 10 in Armour
 18997 | Lair:1   | Reached ***** piety under Trog
 19019 | Lair:1   | Noticed Gastronok
 19050 | Lair:1   | Killed Gastronok
 19280 | Lair:1   | Noticed Fannar
 19360 | Lair:1   | Killed Fannar
 19435 | Lair:1   | Noticed Nergalle
 19447 | Lair:1   | Killed Nergalle
 19546 | Lair:1   | Reached skill level 5 in Dodging
 19595 | Lair:1   | Received a gift from Trog
 20881 | Lair:2   | Gained mutation: Your large and strong wings let you fly indefinitely. [Gargoyle growth]
 20881 | Lair:2   | Reached XP level 14. HP: 78/96 MP: 17/17
 21037 | Lair:2   | Found a hole to the Spider Nest.
 21698 | Lair:3   | Reached skill level 11 in Fighting
 22387 | Lair:4   | Found a staircase to the Shoals.
 22913 | Lair:4   | Reached skill level 12 in Fighting
 23142 | Lair:5   | Noticed Kirke
 23275 | Lair:5   | Killed Kirke
 24000 | Lair:6   | Entered Level 6 of the Lair of Beasts
 25028 | Lair:6   | Reached skill level 1 in Shields
 25029 | Lair:6   | Reached XP level 15. HP: 99/105 MP: 18/18
 25397 | Lair:6   | Found a staircase to the Slime Pits.
 25508 | Lair:6   | Received a gift from Trog
 26516 | D:13     | Reached skill level 10 in Dodging
 26891 | D:13     | Found a gate to the Vaults.
 27139 | D:13     | Noticed Urug
 27203 | D:13     | Killed Urug
 27217 | D:13     | Reached skill level 13 in Fighting
 28133 | D:14     | Received a gift from Trog
 28133 | D:14     | Reached skill level 14 in Fighting
 28167 | D:14     | Got a pitted war axe {god gift}
 28269 | D:14     | Identified the +7 war axe of the Tooth {vamp, +Rage rC+} (Trog gifted it to you on level 14 of the Dungeon)
 28564 | D:14     | Reached XP level 16. HP: 117/117 MP: 19/19
 28599 | D:14     | Reached skill level 15 in Fighting
 29331 | D:15     | Entered Level 15 of the Dungeon
 29371 | D:15     | Noticed Azrael
 29401 | D:14     | Killed Azrael
 29706 | D:15     | Found a blossoming altar of Fedhas.
 29767 | D:15     | Found a staircase to the Depths.
 29906 | D:15     | Noticed Louise
 29946 | D:15     | Killed Louise
 29951 | D:15     | Got a slimy large shield
 29962 | D:15     | Identified the +5 large shield of Iffu {*Corrode +Inv rPois Dex+4} (You took it off Louise on level 15 of the Dungeon)
 30044 | D:15     | Received a gift from Trog
 30652 | Orc:1    | Entered Level 1 of the Orcish Mines
 31066 | Orc:2    | Entered Level 2 of the Orcish Mines
 31235 | Orc:2    | Paralysed by an ogre mage for 2 turns
 31388 | Orc:2    | Found Mafuy's Antique Armour Emporium.
 31394 | Orc:2    | Found Bashrivi's Gadget Boutique.
 31430 | Orc:2    | Reached ****** piety under Trog
 31445 | Orc:2    | Found Yfeucy's Jewellery Shoppe.
 31496 | Orc:2    | Found Ribanog's Weapon Shoppe.
 31558 | Orc:2    | Found a roughly hewn altar of Beogh.
 31623 | Orc:2    | Found a staircase to the Elven Halls.
 32228 | Orc:2    | Bought a pair of embroidered gloves for 247 gold pieces
 32228 | Orc:2    | Bought a shiny buckler for 247 gold pieces
 32228 | Orc:2    | Bought an ancient shield for 313 gold pieces
 32269 | Orc:2    | Identified the -5 shield "Sobeci" {Str+3} (You bought it in a shop on level 2 of the Orcish Mines)
 32288 | Orc:2    | Bought a wand of digging (12) for 416 gold pieces
 32393 | D:9      | Bought a potion of resistance for 130 gold pieces
 32393 | D:9      | Bought a potion of curing for 39 gold pieces
 32393 | D:9      | Bought a potion of agility for 52 gold pieces
 32393 | D:9      | Bought a potion of might for 52 gold pieces
 32393 | D:9      | Bought a potion of mutation for 104 gold pieces
 32393 | D:9      | Bought 2 potions of invisibility for 208 gold pieces
 32487 | Spider:1 | Entered Level 1 of the Spider Nest
 32804 | Spider:1 | Reached XP level 17. HP: 124/124 MP: 20/20
 33014 | Spider:1 | HP: 5/124 [wolf spider[an orange crystal statue] (22)]
 33595 | Spider:1 | Received a gift from Trog
 35283 | Spider:2 | Received a gift from Trog
 35699 | Spider:3 | Reached skill level 5 in Evocations
 36039 | Spider:3 | Received a gift from Trog
 36696 | Spider:3 | Reached skill level 16 in Fighting
 36792 | Spider:3 | Reached XP level 18. HP: 132/132 MP: 22/22
 37007 | Spider:4 | Entered Level 4 of the Spider Nest
 37600 | Spider:4 | Reached skill level 17 in Fighting
 37779 | Spider:4 | Received a gift from Trog
 37864 | Spider:4 | Noticed Agnes
 37892 | Spider:4 | Killed Agnes
 38424 | Spider:4 | Reached skill level 18 in Fighting
 39039 | Spider:4 | Got a gossamer rune of Zot
 39490 | Vaults:1 | Entered Level 1 of the Vaults
 39722 | Vaults:1 | Received a gift from Trog
 39941 | Vaults:1 | Reached skill level 19 in Fighting
 40266 | Vaults:1 | Reached XP level 19. HP: 146/146 MP: 23/23
 40289 | Vaults:1 | Got a pair of warped boots
 40290 | Vaults:1 | Identified the +0 pair of boots of Pan-Flutes {rC+ Slay+5} (You acquired it on level 1 of the Vaults)
 40498 | D:6      | Bought a shiny plate armour for 650 gold pieces
 40678 | D:6      | Bought a pair of runed gloves for 187 gold pieces
 41077 | Vaults:1 | Reached skill level 20 in Fighting
 41258 | Vaults:1 | Received a gift from Trog
 41355 | Vaults:1 | Found Doico's Gadget Boutique.
 41401 | Vaults:1 | Reached skill level 15 in Armour
 41916 | Vaults:2 | Identified Vehumet's Tome of Arcane Weapons
 41945 | Vaults:2 | Found Yxeumuf's Antique Armour Boutique.
 41951 | Vaults:2 | Bought a pair of glowing gloves for 142 gold pieces
 42561 | Vaults:2 | Received a gift from Trog
 42790 | Vaults:2 | Cast into level 2 of the Abyss (a wizard)
 42861 | Abyss:2  | Found a hazy altar of Hepliaklqana.
 42923 | Abyss:2  | Noticed a lich
 42929 | Abyss:2  | Paralysed by a lich for 6 turns
 42933 | Abyss:2  | Killed a lich
 43056 | Abyss:2  | Reached XP level 20. HP: 132/154 MP: 8/24
 43069 | Vaults:2 | Escaped the Abyss
 43185 | Vaults:2 | Paralysed by an ogre mage for 6 turns
 43565 | Vaults:3 | Received a gift from Trog
 44175 | Vaults:3 | Reached skill level 5 in Shields
 44526 | Vaults:3 | Received a gift from Trog
 44527 | Vaults:3 | Found a staircase to the Crypt.
 44527 | Vaults:3 | Found a basalt altar of Yredelemnul.
 44587 | Vaults:3 | Found an ancient bone altar of Kikubaaqudgha.
 45450 | Vaults:4 | Reached skill level 10 in Shields
 45712 | Vaults:4 | Reached XP level 21. HP: 146/160 MP: 8/25
 46104 | Vaults:4 | Received a gift from Trog
 47394 | Depths:1 | Entered Level 1 of the Depths
 47419 | Depths:1 | Noticed Mara
 47448 | Depths:1 | Noticed GordonOverkill's illusion
 47775 | Depths:1 | Received a gift from Trog
 47798 | Depths:1 | Killed Mara
 48223 | Depths:1 | Found a gateway to a ziggurat.
 48237 | Depths:1 | Reached skill level 15 in Shields
 48389 | Depths:1 | Found a gateway to Hell.
 48400 | Depths:1 | Noticed Saint Roka
 48442 | Depths:1 | Killed Saint Roka
 49400 | Depths:1 | Reached XP level 22. HP: 155/167 MP: 8/26
 49693 | Depths:1 | Received a gift from Trog
 50205 | Depths:2 | Noticed a golden dragon
 50400 | Depths:2 | Received a gift from Trog
 50670 | Depths:2 | Killed a golden dragon
 50817 | D:15     | Noticed Sonja
 50824 | D:15     | Killed Sonja
 50991 | Orc:2    | Bought a +3 amulet of reflection for 235 gold pieces
 52093 | Depths:3 | Received a gift from Trog
 52114 | Depths:3 | Found Ybyt's Gadget Emporium.
 52130 | Depths:3 | Reached XP level 23. HP: 133/171 MP: 9/27
 52493 | Depths:3 | Noticed a caustic shrike
 52505 | Depths:3 | Killed a caustic shrike
 52739 | Depths:3 | Noticed Asterion
 52767 | Depths:3 | Killed Asterion
 52767 | Depths:3 | Reached skill level 21 in Fighting
 53202 | Depths:3 | Received a gift from Trog
 53440 | Depths:3 | Noticed a golden dragon
 53452 | Depths:3 | Killed a golden dragon
 53608 | Depths:3 | Found a one-way gate leading to the halls of Pandemonium.
 53975 | Depths:3 | Reached skill level 22 in Fighting
 54057 | Depths:3 | Noticed Bai Suzhen
 54074 | Depths:3 | Killed Bai Suzhen
 54534 | Depths:4 | Received a gift from Trog
 55175 | Depths:4 | Received a gift from Trog
 55635 | Depths:5 | Entered Level 5 of the Depths
 55651 | Depths:5 | Reached XP level 24. HP: 136/187 MP: 27/27
 55671 | Depths:4 | Reached skill level 23 in Fighting
 56873 | Depths:5 | Reached skill level 24 in Fighting
 57310 | Depths:5 | Found a gate to the Realm of Zot.
 57930 | Shoals:1 | Entered Level 1 of the Shoals
 58255 | Shoals:1 | Upgraded the game from 0.21.0-3-g78d12a8bdd to 0.21.0-8-gf18e19db4a
 58683 | Shoals:2 | Found Noguijan's Food Boutique.
 58716 | Shoals:2 | Found a sacrificial altar of Ru.
 58734 | Shoals:2 | Found Nymneow's Assorted Antiques.
 58813 | Shoals:2 | Bought a scroll of magic mapping for 122 gold pieces
 58813 | Shoals:2 | Bought a scroll of blinking for 262 gold pieces
 58813 | Shoals:2 | Bought a wand of digging (17) for 280 gold pieces
 58813 | Shoals:2 | Bought a wand of digging (8) for 280 gold pieces
 59035 | Shoals:2 | Noticed Donald
 59039 | Shoals:2 | Found Ropsuj's Antique Armour Shoppe.
 59048 | Shoals:2 | Killed Donald
 59048 | Shoals:2 | Received a gift from Trog
 59051 | Shoals:2 | Got an iridescent broad axe {god gift}
 59052 | Shoals:2 | Identified the +3 broad axe "Goblin's Bane" {drain, Int+2 Dex+2} (Trog gifted it to you on level 2 of the Shoals)
 59124 | Shoals:2 | Found Ahadotz's Armour Emporium.
 59475 | Shoals:3 | Noticed Ilsuiw
 59543 | Shoals:3 | Killed Ilsuiw
 59638 | Shoals:3 | Reached skill level 25 in Fighting
 59900 | Shoals:3 | Noticed Aizul
 59923 | Shoals:3 | Killed Aizul
 60409 | Shoals:4 | Entered Level 4 of the Shoals
 60602 | Shoals:4 | Received a gift from Trog
 60614 | Shoals:4 | Reached XP level 25. HP: 200/200 MP: 27/27
 60918 | Shoals:4 | Got a faintly glowing silver ring
 61314 | Shoals:4 | Reached skill level 26 in Fighting
 61334 | Shoals:4 | Got a barnacled rune of Zot
 61885 | Vaults:2 | Received a gift from Trog
 62010 | Vaults:5 | Entered Level 5 of the Vaults
 62286 | Vaults:4 | Identified the ring "Wikh" {Fire *Drain Int+7 Dex+7} (You found it on level 4 of the Shoals)
 62468 | Vaults:5 | Received a gift from Trog
 62492 | Vaults:5 | Got a transparent broad axe {god gift}
 62496 | Vaults:4 | Identified the +4 broad axe "Wessudibb" {flame, Int+4} (Trog gifted it to you on level 5 of the Vaults)
 62668 | Vaults:4 | Reached skill level 27 in Fighting
 62892 | Vaults:4 | Received a gift from Trog
 63241 | Vaults:4 | Reached XP level 26. HP: 212/212 MP: 27/27
 63653 | Vaults:5 | Received a gift from Trog
 64033 | Vaults:5 | Got an encrusted large shield
 64034 | Vaults:5 | Identified the +2 large shield "Roppuak" {*Corrode rPois MP+9 Str+2} (You took it off a deep elf mage on level 5 of the Vaults)
 64598 | Vaults:5 | Noticed an ancient lich
 64610 | Vaults:5 | Killed an ancient lich
 64626 | Vaults:5 | Got a silver rune of Zot
 64709 | Vaults:5 | Found the +4 arc blade {discharge, rElec}
 64709 | Vaults:5 | Found Xusse's Distillery.
 64728 | Vaults:5 | Bought a potion of invisibility for 184 gold pieces
 64728 | Vaults:5 | Bought a potion of might for 92 gold pieces
 64728 | Vaults:5 | Bought a potion of curing for 69 gold pieces
 64728 | Vaults:5 | Bought a potion of curing for 69 gold pieces
 65469 | Zot:1    | Entered Level 1 of the Realm of Zot
 65534 | Zot:1    | Received a gift from Trog
 66691 | Zot:1    | Got a steaming glass ring
 66692 | Zot:1    | Identified the ring "Gexzueno" {Fire Int+3 Stlth+} (You found it on level 1 of the Realm of Zot)
 66801 | Zot:1    | Reached XP level 27. HP: 218/218 MP: 27/27
 66934 | Zot:1    | Noticed an orb of fire
 66948 | Zot:1    | Gained mutation: You do not regenerate when monsters are visible. [an orb of fire]
 66965 | Zot:1    | Killed an orb of fire
 67224 | Zot:1    | Lost mutation: You have a pair of small antennae on your head. [potion of mutation]
 67224 | Zot:1    | Lost mutation: You do not regenerate when monsters are visible. [potion of mutation]
 67224 | Zot:1    | Lost mutation: You are robust. (+10% HP) [potion of mutation]
 67224 | Zot:1    | Gained mutation: You have a pair of small horns on your head. [potion of mutation]
 67224 | Zot:1    | Gained mutation: You have large cloven feet. [potion of mutation]
 67224 | Zot:1    | Gained mutation: You passively map a small area around you. [potion of mutation]
 67224 | Zot:1    | Gained mutation: You have an increased reservoir of magic. (+10% MP) [potion of mutation]
 69115 | Zot:3    | Received a gift from Trog
 69304 | Zot:3    | Got a pitted broad axe {god gift}
 69305 | Zot:3    | Identified the +10 broad axe of the Endless Nights {distort, +Blink MR+ Int+3 Stlth+} (Trog gifted it to you on level 3 of the Realm of Zot)
 70756 | Zot:4    | Reached skill level 15 in Dodging
 70970 | Zot:4    | Noticed Jannitor's ghost (legendary NaFi)
 71028 | Zot:4    | Received a gift from Trog
 71343 | Zot:4    | Killed Jannitor's ghost
 71794 | Zot:5    | Entered Level 5 of the Realm of Zot
 72550 | Zot:5    | Noticed an ancient lich
 72559 | Zot:5    | Killed an ancient lich
 72692 | Zot:5    | Noticed an orb of fire
 72697 | Zot:5    | Gained mutation: Armour fits poorly on your strangely shaped body. [an orb of fire]
 72713 | Zot:5    | Killed an orb of fire
 72753 | Zot:5    | Noticed an ancient lich
 72770 | Zot:5    | Killed an ancient lich
 72923 | Zot:5    | Noticed an ancient lich
 72935 | Zot:5    | Killed an ancient lich
 73452 | Zot:5    | Noticed an orb of fire
 73475 | Zot:5    | Killed an orb of fire
 73883 | Zot:5    | Received a gift from Trog
 74261 | Zot:5    | Noticed an ancient lich
 74276 | Zot:5    | Killed an ancient lich
 74291 | Zot:5    | Noticed an ancient lich
 74307 | Zot:5    | Killed an ancient lich
 74793 | Zot:5    | Got the Orb of Zot
 74799 | Zot:5    | Noticed an ancient lich
 74799 | Zot:5    | Noticed an ancient lich
 74799 | Zot:5    | Noticed an ancient lich
 74809 | Zot:5    | Killed an ancient lich
 74811 | Zot:5    | Killed an ancient lich
 74814 | Zot:5    | Killed an ancient lich
 75072 | Depths:4 | Noticed Xykod the pandemonium lord
 75088 | Depths:4 | Gained mutation: You are partially covered in iridescent scales. (AC +2) [a neqoxec]
 75127 | Depths:4 | Killed Xykod the pandemonium lord
 75431 | D:5      | Noticed Sohipeqo the pandemonium lord
 75469 | D:5      | Killed Sohipeqo the pandemonium lord
 75491 | D:5      | Noticed a seraph
 75566 | D:1      | Noticed Zioqeho the pandemonium lord
 75567 | D:$      | Escaped with the Orb!

Skill      XL: |  1  2  3  4  5  6  7  8  9 10 11 12 13 14 15 16 17 18 19 20 21 22 23 24 25 26 27 |
---------------+----------------------------------------------------------------------------------+-----
Axes           | 2 3 5 6 9 10 12 14 16 17 18 | 18.0
Dodging        | 2 7 8 10 11 12 15 | 15.0
Armour         | 2 4 5 6 10 12 14 16 18 25 | 25.4
Fighting       | 3 4 5 6 8 9 10 12 14 15 16 19 20 22 25 27 | 27.0
Evocations     | 3 6 |  6.0
Shields        | 1 4 10 16 20 21 24 25 | 25.0
Spellcasting   | |  2.0
Charms         | |  2.6

Action                   |  1- 3 |  4- 6 |  7- 9 | 10-12 | 13-15 | 16-18 | 19-21 | 22-24 | 25-27 || total
-------------------------+-------+-------+-------+-------+-------+-------+-------+-------+-------++-------
Melee: Hand axe          |    80 |   245 |   118 |       |       |       |       |       |       ||   443
       Mace              |       |    23 |   182 |       |       |       |       |       |       ||   205
       Morningstar       |       |       |    83 |       |       |       |       |       |       ||    83
       Battleaxe         |       |       |    50 |   193 |       |       |       |       |       ||   243
       War axe           |       |       |       |   659 |  1409 |  2394 |   462 |       |       ||  4924
       Whip              |       |       |       |       |   162 |       |       |       |       ||   162
       Broad axe         |       |       |       |       |       |    29 |  1041 |  1733 |  2417 ||  5220
       Headbutt          |       |       |       |       |       |       |       |       |   369 ||   369
 Fire: Hunting sling     |    18 |    30 |       |       |       |       |       |       |       ||    48
Throw: Stone             |    11 |     4 |       |       |       |       |       |       |       ||    15
       Tomahawk          |       |    10 |     1 |    16 |       |       |       |       |       ||    27
       Throwing net      |       |       |       |     1 |       |       |       |       |       ||     1
 Cast: Infusion          |     8 |    13 |       |       |       |       |       |       |       ||    21
Invok: Burn Spellbooks   |       |       |     3 |       |       |     2 |     2 |     5 |     6 ||    18
       Berserk           |       |       |     3 |    29 |    20 |    16 |     7 |     3 |     7 ||    85
       Trog's Hand       |       |       |       |    16 |     2 |     7 |    18 |     6 |    23 ||    72
       Brothers in Arms  |       |       |       |     2 |     3 |     3 |     3 |     3 |     3 ||    17
 Abil: Fly               |       |       |       |       |     1 |       |       |       |       ||     1
       Evoke Invisibilit |       |       |       |       |       |       |       |       |    13 ||    13
Evoke: Wand              |       |     3 |     4 |    17 |     1 |    23 |       |     4 |    19 ||    71
  Use: Scroll            |       |    11 |    12 |     9 |    12 |    13 |    10 |     9 |    23 ||    99
       Potion            |       |     6 |     3 |     5 |     2 |     5 |       |       |    11 ||    32
 Stab: Distracted        |       |       |       |     3 |       |       |       |       |     2 ||     5
       Petrifying        |       |       |       |       |     1 |       |       |       |       ||     1
       Petrified         |       |       |       |       |     1 |       |       |       |       ||     1
       Held in net/web   |       |       |       |       |       |     2 |       |       |       ||     2
       Paralysed         |       |       |       |       |       |       |       |     1 |       ||     1
       Invisible         |       |       |       |       |       |       |       |       |    60 ||    60
  Eat: Chunk             |     2 |    11 |     8 |    61 |    64 |    65 |    45 |    17 |     9 ||   282
       Ration            |       |     1 |     3 |     5 |       |       |       |     7 |    23 ||    39
Armor: Leather armour    |    30 |    32 |       |       |       |       |       |       |       ||    62
       Ring mail         |       |    64 |       |       |       |       |       |       |       ||    64
       Chain mail        |       |    50 |   125 |   206 |       |   265 |       |       |       ||   646
       Plate armour      |       |       |   329 |   370 |  1159 |  2120 |   879 |   146 |       ||  5003
       Gold dragon scale |       |       |       |       |       |       |       |   577 |   915 ||  1492
Dodge: Dodged            |    76 |   151 |   172 |   253 |   532 |  1109 |   440 |   293 |   479 ||  3505
Block: Buckler           |       |       |       |       |    65 |   539 |   274 |       |       ||   878
       Reflection        |       |       |       |       |       |     1 |    26 |   101 |    90 ||   218
       Large shield      |       |       |       |       |       |       |   109 |  2056 |  2712 ||  4877
